 Dungeon Sprint DCSS version 0.18.1-6-gd335043 (webtiles) character file.

1600000 tix the Grand Master (level 17, -42/191 HPs)
             Began as a Demigod Monk on May 18, 2016.
             Annihilated by a large bag of meat
             ... wielding a +9 giant spiked club
              (136 damage)
             ... in the Dungeon (Sprint VIII: "Arena of Blood").
             The game lasted 00:00:22 (16 turns).

tix the Grand Master (Demigod Monk)                   Turns: 16, Time: 00:00:23

Health: -42/191    AC:  2    Str: 14    XL:     17   Next: 11%
Magic:  20/20      EV: 40    Int: 14    God:
Gold:   0          SH:  0    Dex: 28    Spells: 0 memorised, 16 levels left

rFire  . . .     SeeInvis .     i - +∞ Axe of Woe
rCold  . . .     Gourm    .     a - +0 robe
rNeg   . . .     Faith    .     (shield currently unavailable)
rPois  .         Spirit   .     (no helmet)
rElec  .         Dismiss  .     (no cloak)
rCorr  .         Reflect  .     (no gloves)
SustAt +         Harm     .     (no boots)
MR     +....     NoTele   +     (no amulet)
Stlth  ++++++....               (no ring)
                                (no ring)

@: somewhat resistant to hostile enchantments, very stealthy
A: high mp 1, sustain attributes
a: no special abilities


You were in the Dungeon.
You were not hungry.

You visited 1 branch

Inventory:

Hand Weapons
 i - the +∞ Axe of Woe (weapon)
   (You found it in the Dungeon)
Armour
 a - a +0 robe (worn)
Scrolls
 h - a scroll of blinking
Potions
 c - a potion of curing
 d - a potion of heal wounds
 e - a potion of haste
 f - 2 potions of magic
 g - a potion of berserk rage
Comestibles
 b - a bread ration


   Skills:
 O Level 27 Fighting
 + Level 13.5 Axes
 O Level 27 Dodging
 + Level 12.4 Stealth
 O Level 27 Unarmed Combat


You had 16 spell levels left.
You didn't know any spells.

Dungeon Overview and Level Annotations

Branches:
Dungeon (1/1)


Innate Abilities, Weirdness & Mutations

You have an increased reservoir of magic (+10% MP).
Your attributes are resistant to harm.


Message History

Your Fighting skill increases to level 24!
Your Axes skill increases to level 10!
Your Dodging skill increases to level 24!
Your Stealth skill increases to level 11!
You slash the meat berserker!
You chop the meat berserker into pieces.
You kill the meat berserker!
Your Fighting skill gained 2 levels and is now at level 26!
Your Axes skill gained 2 levels and is now at level 12!
Your Dodging skill gained 2 levels and is now at level 26!
Your Stealth skill increases to level 12!
You slash the bag of meat! You chop the bag of meat into pieces.
You kill the bag of meat!
You have mastered Fighting!
Your Axes skill increases to level 13!
You have mastered Dodging!
You have reached level 17!
You hear a shout! x11
The large bag of meat hits you with a +9 giant spiked club!!!!
Ouch! That really hurt!
You die...

..##.##........
........o.......
.....#.#.......
..o..O........###
......o..o.......
.........o.OoO...
........oC.......
.......oO@).....O
#......o#.......
#.......#.......
.###.....)o###.....
......###..........
......._...........
....#.....#.......#
. #_.<._#..o.....
#.....#......


You could see a large bag of meat (inner flame), 5 meat berserkers and 10 bags
of meat.

Vanquished Creatures
  5 ogres (D)
  4 orcs (D)
9 creatures vanquished.

Notes
Turn   | Place    | Note
--------------------------------------------------------------
     0 | D        | tix the Demigod Monk began the quest for the Orb.
     0 | D        | Reached XP level 1. HP: 18/18 MP: 3/3
     3 | D        | Noticed a bag of meat
     5 | D        | Noticed a bag of meat
     7 | D        | Noticed a bag of meat
     8 | D        | Noticed a bag of meat
     9 | D        | Noticed a meat berserker
     9 | D        | Killed a bag of meat
     9 | D        | Reached skill level 5 in Stealth
     9 | D        | Reached XP level 2. HP: 42/42 MP: 4/4
     9 | D        | Reached XP level 3. HP: 49/49 MP: 5/5
     9 | D        | Reached XP level 4. HP: 57/57 MP: 6/6
     9 | D        | Reached XP level 5. HP: 63/63 MP: 7/7
     9 | D        | Reached XP level 6. HP: 71/71 MP: 8/8
     9 | D        | Reached XP level 7. HP: 78/78 MP: 9/9
     9 | D        | Reached XP level 8. HP: 85/85 MP: 10/10
     9 | D        | Reached XP level 9. HP: 92/92 MP: 11/11
     9 | D        | Reached XP level 10. HP: 100/100 MP: 13/13
     9 | D        | Reached XP level 11. HP: 106/106 MP: 14/14
    10 | D        | Noticed a bag of meat
    12 | D        | Noticed a meat berserker
    12 | D        | Noticed a bag of meat
    12 | D        | Noticed a bag of meat
    12 | D        | Noticed a meat berserker
    12 | D        | Noticed a bag of meat
    13 | D        | Noticed a large bag of meat
    13 | D        | Noticed a meat berserker
    13 | D        | Noticed a bag of meat
    13 | D        | Noticed a meat berserker
    14 | D        | Noticed a bag of meat
    14 | D        | Killed a meat berserker
    14 | D        | Reached skill level 15 in Fighting
    14 | D        | Reached skill level 1 in Axes
    14 | D        | Reached skill level 15 in Dodging
    14 | D        | Reached XP level 12. HP: 122/122 MP: 15/15
    14 | D        | Reached XP level 13. HP: 128/128 MP: 16/16
    14 | D        | Killed a meat berserker
    14 | D        | Reached XP level 14. HP: 141/141 MP: 17/17
    15 | D        | Noticed a meat berserker
    15 | D        | Noticed a meat berserker
    15 | D        | Killed a meat berserker
    15 | D        | Reached skill level 5 in Axes
    15 | D        | Reached skill level 27 in Unarmed Combat
    15 | D        | Reached XP level 15. HP: 135/155 MP: 18/18
    16 | D        | Noticed a meat berserker
    16 | D        | Noticed a meat berserker
    16 | D        | Killed a meat berserker
    16 | D        | Reached skill level 10 in Stealth
    16 | D        | Reached XP level 16. HP: 84/172 MP: 19/19
    16 | D        | Reached skill level 10 in Axes
    16 | D        | Killed a meat berserker
    16 | D        | Reached skill level 27 in Fighting
    16 | D        | Reached skill level 27 in Dodging
    16 | D        | Reached XP level 17. HP: 94/191 MP: 20/20
    16 | D        | Annihilated by a large bag of meat

Skill      XL: |  1  2  3  4  5  6  7  8  9 10 11 12 13 14 15 16 |
---------------+-------------------------------------------------+-----
Fighting       | 12 15 17 20 23 27 | 27.0
Dodging        | 12 15 17 20 23 27 | 27.0
Stealth        | 5 7 8 10 12 | 12.4
Unarmed Combat | 19 23 25 27 | 27.0
Axes           | 1 3 5 9 13 | 13.5

Action                   |  1- 3 |  4- 6 |  7- 9 | 10-12 | 13-15 | 16-18 || total
-------------------------+-------+-------+-------+-------+-------+-------++-------
Melee: Executioner's axe |     1 |       |       |     1 |     2 |       ||     4
Dodge: Dodged            |       |       |       |       |     1 |       ||     1
